 Dungeon Crawl Stone Soup version 0.19.0-22-gd96e5fe (webtiles) character file.

140 Crag the Poker (level 5, -1/61 HPs)
             Began as a Draconian Fire Elementalist on Nov 18, 2016.
             Was an Initiate of Cheibriados.
             Slain by a wraith (6 damage)
             ... in an ossuary.
             The game lasted 00:14:02 (3374 turns).

Crag the Poker (Draconian Fire Elementalist)        Turns: 3374, Time: 00:14:03

Health: -1/61      AC: 22    Str: 16    XL:     5   Next: 2%
Magic:  8/8        EV:  2    Int: 17    God:    Cheibriados [......]
Gold:   90         SH:  0    Dex: 17    Spells: 3 memorised, 0 levels left

rFire  . . .     SeeInvis .     h - +0 spear
rCold  . . .     Gourm    .     (armour unavailable)
rNeg   + + +     Faith    .     (no shield)
rPois  +         Spirit   .     (helmet currently unavailable)
rElec  .         Reflect  .     (cloak currently unavailable)
rCorr  .         Harm     .     (gloves currently unavailable)
MR     .....     NoTele   +     (boots currently unavailable)
Stlth  +++.......               (no amulet)
                                z - +4 ring of strength
                                v - ring of wizardry

@: agile, tree-form, slowed, very slow
A: unfitting armour, (cold-blooded), AC +5
a: Bend Time, Renounce Religion


You were in an ossuary.
You worshipped Cheibriados.
Cheibriados was noncommittal.
You were hungry.
You were a tree.
You visited 1 branch of the dungeon, and saw 4 of its levels.
You also visited: Ossuary.

You collected 90 gold pieces.

Inventory:

Hand Weapons
 d - a +0 club
 h - a +0 spear (weapon)
Armour
 u - a +0 pair of gloves (melded)
Jewellery
 v - a ring of wizardry (left branch)
 z - a +4 ring of strength (right branch)
Scrolls
 c - 2 scrolls of teleportation {unknown}
 j - 2 scrolls of blinking {unknown}
 l - 2 scrolls of remove curse {unknown}
 n - 6 scrolls of identify {unknown}
 q - a scroll of fog {unknown}
 t - a scroll of amnesia {unknown}
 w - a scroll of enchant weapon {unknown}
 y - a scroll of magic mapping {unknown}
Potions
 e - a potion of heal wounds {unknown}
 f - a potion of ambrosia {unknown}
 g - a potion of invisibility {unknown}
 i - a potion of cancellation {unknown}
 k - a potion of lignification
 r - a potion of beneficial mutation {unknown}
 x - a potion of might {unknown}
Books
 a - a book of Flames

   Spells                             Type                      Level
   a - Flame Tongue                   Conjuration/Fire             1
   b - Throw Flame                    Conjuration/Fire             2
   c - Conjure Flame                  Conjuration/Fire             3
   d - Inner Flame                    Hexes/Fire                   3
   e - Sticky Flame                   Conjuration/Fire             4
   f - Fireball                       Conjuration/Fire             5
Comestibles
 b - 2 bread rations
 s - 2 meat rations
 A - a slice of pizza


   Skills:
 - Level 2.1 Fighting
 - Level 3.1 Polearms
 - Level 1.7 Dodging
 - Level 1.7 Stealth
 - Level 2.0 Spellcasting
 + Level 2.7 Conjurations
 - Level 3.0 Fire Magic


You couldn't memorise any spells.
You knew the following spells:

 Your Spells              Type           Power        Failure   Level  Hunger
a - Flame Tongue          Conj/Fire      ##...        4%          1    #......
b - Conjure Flame         Conj/Fire      ##......     9%          3    ###....
c - Sticky Flame          Conj/Fire      ##......     38%         4    #####..


Dungeon Overview and Level Annotations

Branches:
Dungeon (4/15)
 Temple: D:4-7

Altars:
Cheibriados
Elyvilon
Kikubaaqudgha
Nemelex Xobeh
Ru

Shops:
D:4 =

Annotations:
Ossuary endtime's ghost, novice HEFi


Innate Abilities, Weirdness & Mutations

((Your plain brown scales are hard. (AC +5)))
You cannot fit into any form of body armour.
((You are cold-blooded and may be slowed by cold attacks.))


Message History

Your +0 pair of gloves melds into your body.
Your roots penetrate the ground.
The wraith hits you but does no damage. x2
It was a potion of curing.
You feel better. The wraith hits you but does no damage.
You hit the wraith but do no damage.
The wraith is severely damaged.
The wraith hits you but does no damage.
Endtime's ghost laughs, "And you think you're capable of finding the ORB?
I had it, you know.
Then I gave it away so I could steal it AGAIN."
The wraith hits you but does no damage.
You barely miss the wraith.
The wraith is severely damaged.
The wraith hits you.
* * * LOW HITPOINT WARNING * * *
The wraith drains your vigour!
You feel as though you will be slow longer.
It was a potion of agility.
You feel agile all of a sudden.
The wraith hits you but does no damage. x2
It was a potion of flight.
Your roots keep you in place.
The wraith hits you.
You die...

#W#...∩.∩...#W
###.......###
##.....## ##...##
#############'''#####
#....................
#.........^..........
#..###..###..###..###
#..#♣#..# #..# ..#
#..#W#..#+#..# ..#
#..#W#..#.#..#. ..#
#.............. ..
#.............. ..
#..####......##
#..#?'...8...#
#..####......#
#...^........#


You could see a wraith and endtime's ghost.

Vanquished Creatures
  A human zombie (D:4)
  A mummy (Ossuary)
  A gnoll (D:3)
  3 adders (D:3)
  2 worms
  7 bats
  2 giant cockroaches (D:3)
  8 goblins
  3 hobgoblins
  6 jackals (D:3)
  A quokka (D:3)
  A ball python (D:1)
  A frilled lizard (D:4)
  3 hobgoblin zombies
  9 kobolds
  A kobold zombie (Ossuary)
  An orc zombie (D:4)
  7 rats
58 creatures vanquished.

Notes
Turn   | Place    | Note
-------+----------+-------------------------------------------
     0 | D:1      | Crag the Draconian Fire Elementalist began the quest for the Orb.
     0 | D:1      | Reached XP level 1. HP: 14/14 MP: 3/3
   214 | D:1      | You fall through a shaft!
   214 | D:2      | Found a white marble altar of Elyvilon.
   214 | D:2      | Found an ancient bone altar of Kikubaaqudgha.
   577 | D:1      | Reached skill level 1 in Polearms
   667 | D:1      | Reached XP level 2. HP: 20/20 MP: 3/5
  1412 | D:2      | Reached XP level 3. HP: 26/26 MP: 3/6
  2118 | D:3      | Learned a level 3 spell: Conjure Flame
  2177 | D:3      | Found a sparkling altar of Nemelex Xobeh.
  2244 | D:3      | Found a sacrificial altar of Ru.
  2414 | D:3      | Reached skill level 1 in Fighting
  2414 | D:3      | Reached XP level 4. HP: 35/35 MP: 4/7
  2892 | D:3      | Found a snail-covered altar of Cheibriados.
  2896 | D:3      | Became a worshipper of Cheibriados the Contemplative
  2986 | D:4      | Found a sand-covered staircase.
  3001 | D:4      | Found Ydghazxuss's Jewellery Shop.
  3028 | Ossuary  | Entered an ossuary
  3028 | Ossuary  | Noticed a wraith
  3028 | Ossuary  | Noticed a wraith
  3028 | Ossuary  | Noticed a wraith
  3178 | Ossuary  | Reached XP level 5. HP: 24/41 MP: 4/8
  3313 | Ossuary  | Learned a level 4 spell: Sticky Flame
  3330 | Ossuary  | Noticed endtime's ghost (novice HEFi)
  3349 | Ossuary  | Noticed a wraith
  3368 | Ossuary  | HP: 2/41 [wraith (4)]
  3374 | Ossuary  | Slain by a wraith

Skill      XL: |  1  2  3  4 |
---------------+-------------+-----
Polearms       | 1 2 3 |  3.1
Fighting       | 1 2 |  2.1
Conjurations   | 2 |  2.7
Dodging        | |  1.7
Stealth        | |  1.7
Spellcasting   | |  2.0
Fire Magic     | |  3.0

Action                   |  1- 3 |  4- 6 || total
-------------------------+-------+-------++-------
Melee: Spear             |    68 |    70 ||   138
       Unarmed           |     5 |       ||     5
       Tailslap          |     6 |     8 ||    14
 Cast: Flame Tongue      |    43 |    33 ||    76
       Conjure Flame     |     1 |     1 ||     2
  Use: Potion            |       |     4 ||     4
 Stab: Sleeping          |     2 |       ||     2
  Eat: Chunk             |     6 |     3 ||     9
Armor: Skin              |    19 |    24 ||    43
Dodge: Dodged            |    36 |    35 ||    71
